[Event "Chess24 Legends of Chess"]
[White "Kramnik, Vladimir"]
[Black "Ding, Liren"]
[Site "Online"]
[Round "5.3"]
[Annotator "RC"]
[Result "1/2-1/2"]
[Date "2020.07.18"]
[WhiteElo "2756"]
[BlackElo "2836"]
[PlyCount "203"]
[TimeControl "900+10"]

1. e4 c5 2. Nf3 d6 3. d4 cxd4 4. Nxd4 Nf6 5. Nc3 a6 6. Bc4 e6 7. Bb3 Nbd7 8. Be3 Nc5 9. f3 b5 10. Qd2 Qc7 11. 0-0-0 Be7 12. g4 b4 13. Na4 0-0 14. Qxb4 Nxa4 15. Qxa4 Bd7 16. Qc4 Qb7 17. g5 Nh5 18. Ba4 Bxa4 19. Qxa4 Rab8 20. Nc6 Qxb2+ 21. Kd2 Rfe8 22. Nxb8 Qxb8 23. Rb1 Qd8 24. Rhg1 d5 25. Kc1 g6 26. Rb7 Ng7 27. Kb1 Qc8 28. Qxa6 e5 29. Qa7 Bf8 30. Rxf7 d4 31. Bc1 Ne6 32. Qb7 Qc4 33. Rxh7 Nc5 34. Rc7 d3 35. Qd5+ Qxd5 36. exd5 Rb8+ 37. Ka1 e4 38. Be3 Na6 39. Rc4 Nb4 40. cxd3 exd3 41. Bd4 Nc2+ 42. Rxc2 dxc2 43. Rc1 Rb5 44. Rxc2 Rxd5 45. Bf6 Ba3 46. Rc8+ Kf7 47. Kb1 Rd1+ 48. Kc2 Rc1+ 49. Kb3 Rxc8 50. Kxa3 Ke6 51. f4 Ra8+ 52. Kb2 Rb8+ 53. Kc3 Ra8 54. Kb3 Rb8+ 55. Kc3 Ra8 56. Kb2 Rb8+ 57. Ka1 Rb7 58. Be5 Rh7 59. Kb2 Rxh2+ 60. Kb3 Kd5 61. a4 Kc5 62. a5 Kb5 63. Kc3 Ra2 64. Bc7 Ra4 65. Kd3 Kc6 66. Be5 Kd5 67. Bc7 Kc6 68. Be5 Rxa5 69. Ke4 Ra4+ 70. Kf3 Kd5 71. Bc7 Ra3+ 72. Kg4 Ke4 73. Bd6 Rf3 74. Bc7 Rf1 75. Kg3 Rg1+ 76. Kf2 Rc1 77. Be5 Rb1 78. Ke2 Rb3 79. Kf2 Rf3+ 80. Ke2 Rh3 81. Kf2 Rh2+ 82. Kg3 Re2 83. Bc7 Re3+ 84. Kf2 Rf3+ 85. Kg2 Ke3 86. Be5 Ke2 87. Bd6 Rf2+ 88. Kg3 Rf1 89. Kg2 Rf2+ 90. Kg3 Kf1 91. Be5 Rg2+ 92. Kf3 Re2 93. Bd4 Rd2 94. Ke3 Re2+ 95. Kf3 Ra2 96. f5 gxf5 97. Kf4 Ra4 98. Kxf5 Rxd4 99. g6 Rd8 100. g7 Rg8 101. Kg6 Rxg7+ 102. Kxg7 1/2-1/2

[Event "Chess24 Legends of Chess"]
[White "Ding, Liren"]
[Black "Kramnik, Vladimir"]
[Site "Online"]
[Round "5.4"]
[Annotator "RC"]
[Result "0-1"]
[Date "2020.07.18"]
[WhiteElo "2836"]
[BlackElo "2756"]
[PlyCount "126"]
[TimeControl "900+10"]

1. d4 Nf6 2. c4 e6 3. Nf3 d5 4. Nc3 Nbd7 5. cxd5 exd5 6. Bg5 c6 7. e3 h6 8. Bh4 Be7 9. Qc2 0-0 10. Bd3 Re8 11. Nd2 Nf8 12. 0-0 Nh5 13. Bxe7 Qxe7 14. Rae1 Ne6 15. f4 Nf6 16. Nf3 c5 17. Qf2 Bd7 18. Ne5 Bc6 19. Bf5 Rad8 20. g4 Ne4 21. Nxe4 dxe4 22. Nxc6 bxc6 23. Bxe4 Qd6 24. f5 Ng5 25. Bg2 Rb8 26. Qf4 Qe7 27. b3 cxd4 28. f6 Qb4 29. fxg7 dxe3 30. h4 e2 31. Qxb4 Rxb4 32. Rf2 Ne6 33. Rexe2 Rxg4 34. Kh2 Rxh4+ 35. Kg3 Rh5 36. Bxc6 Rc8 37. Bd7 Rc3+ 38. Kg2 Rg5+ 39. Kf1 Nd4 40. Re4 Nf3 41. Bg4 Ne5 42. Bf5 Rc1+ 43. Re1 Rxe1+ 44. Kxe1 Kxg7 45. b4 h5 46. b5 Rg3 47. a4 Nf3+ 48. Kf1 Rg1+ 49. Ke2 Nd4+ 50. Ke3 Nb3 51. Bc2 Na5 52. Rf5 Rg3+ 53. Kd4 h4 54. Rh5 Rg4+ 55. Kd5 Rc4 56. Be4 Rxa4 57. Rxh4 f5 58. Rf4 fxe4 59. Rxe4 Rxe4 60. Kxe4 Kf6 61. Kd5 Ke7 62. Kc5 Kd7 63. b6 a6 0-1